 Dungeon Crawl Stone Soup version 0.30-a0-122-g2a1322497e (webtiles) character file.

Game seed: 11249115882338516645

23337 zishaf the Fighter (level 13, -1/177 HPs)
             Began as an Ogre Chaos Knight on Sept 15, 2022.
             Was a Plaything of Xom.
             Slain by a boulder beetle (17 damage)
             ... summoned by Xom
             ... on level 1 of the Lair of Beasts.
             The game lasted 00:22:23 (16873 turns).

zishaf the Fighter (Ogre Chaos Knight)             Turns: 16873, Time: 00:22:24

Health: -1/177     AC: 10    Str: 22    XL:     13   Next: 6%
Magic:  16/16      EV: 10    Int: 12    God:    Xom [......]
Gold:   930        SH:  5    Dex: 20    Spells: 16/16 levels left

rFire   . . .      SeeInvis +    d - +4 giant spiked club
rCold   + . .      Faith    .    (shield currently unavailable)
rNeg    . . .      Spirit   .    p - +0 steam dragon scales
rPois   +          Reflect  +    (helmet restricted)
rElec   .          Harm     .    a - +1 cloak
rCorr   .          Rampage  .    (gloves unavailable)
Will    +....      Clarity  +    (boots unavailable)
Stlth   +++.......               s - amulet of reflection
HPRegen 0.39/turn                n - ring of see invisible
MPRegen 0.15/turn                A - +6 ring of dexterity

@: no status effects
A: large, unfitting armour, tough skin 1, horns 2, iridescent scales 1, thin
skeletal structure 1, agile 1, clarity, cold resistance 1, deterioration 1,
poison resistance, robust 2, MP-powered wands
a: Renounce Religion


You were on level 1 of the Lair of Beasts.
You worshipped Xom.
You were a very special plaything of Xom.
You visited 2 branches of the dungeon, and saw 12 of its levels.
You also visited: Ossuary.

You collected 930 gold pieces.

Inventory:

Hand Weapons
 d - a +4 giant spiked club (weapon)
Missiles
 l - a throwing net
Armour
 a - a +1 cloak (worn)
 p - +0 steam dragon scales (worn)
Jewellery
 g - an amulet of faith
 n - a ring of see invisible (left hand)
 s - an amulet of reflection (around neck)
 A - a +6 ring of dexterity (right hand)
Wands
 h - a wand of charming (5)
 r - a wand of roots (4)
 y - a wand of light (16)
 E - a wand of flame (28)
Scrolls
 t - a scroll of butterflies
 w - 2 scrolls of teleportation
 x - 2 scrolls of magic mapping
 F - a scroll of silence
Potions
 b - a potion of invisibility
 f - 10 potions of curing
 j - 2 potions of magic
 k - 5 potions of flight
 m - 4 potions of heal wounds
 o - 2 potions of cancellation {unknown}
 q - 7 potions of attraction
 u - 2 potions of ambrosia
 v - 2 potions of mutation
 z - 2 potions of lignification
 B - a potion of resistance {unknown}
 G - 2 potions of might
Miscellaneous
 c - a piece from Xom's chessboard (15/15) (quivered)
 e - a condenser vane


   Skills:
 + Level 14.9 Fighting
 * Level 14.6 Maces & Flails
 - Level 2.1 Dodging
 - Level 2.3 Spellcasting
 + Level 7.9 Evocations


You had 16 spell levels left.
You didn't know any spells.
Your spell library contained the following spells:

 Spells                   Type           Power      Damage    Failure   Level
 Sublimation of Blood     Necr           1%         N/A       36%         2
 Dazzling Flash           Conj/Hex       2%         N/A       61%         3
 Animate Armour           Summ/Erth      2%         N/A       95%         4
 Leda's Liquefaction      Hex/Erth       0%         N/A       95%         4
 Petrify                  Tmut/Erth      1%         N/A       95%         4
 Agony                    Necr           1%         N/A       100%        5
 Blade Hands              Tmut           0%         N/A       100%        5
 Irradiate                Conj/Tmut      0%         3d11      100%        5
 Lee's Rapid Deconstruct  Erth           0%         3d5*      100%        5
 Silence                  Hex/Air        0%         N/A       100%        5
 Iron Shot                Conj/Erth      0%         9d1       100%        6


Dungeon Overview and Level Annotations

Branches:
Dungeon (11/15)            Temple (0/1) D:4            Lair (1/5) D:8
Ossuary (visited)
    Orc: D:9-12

Altars:
Gozag
Nemelex Xobeh
Okawaru
Trog
Xom
Yredelemnul

Shops:
D:1 ?


Innate Abilities, Weirdness & Mutations

You are too large for most types of armour.
You have tough skin. (AC +1)
You have a pair of horns on your head.
You are partially covered in iridescent scales. (AC +2)
You have a somewhat thin skeletal structure. (Dex +2, Stealth+)
You are agile. (Dex +4, Str/Int -1)
You possess an exceptional clarity of mind.
Your flesh is cold resistant. (rC+)
Your body sometimes deteriorates upon taking damage.
Your system is resistant to poisons. (rPois)
You are very robust. (+20% HP)
You expend magic power (3 MP) to strengthen your wands.


Message History

You block the water moccasin's attack.
You crush the cane toad like a grape!!!
The cane toad is almost dead.
You block the water moccasin's attack. The cane toad stings you!
* * * LOW HITPOINT WARNING * * *
The boulder beetle bites you but does no damage.
The cane toad stings you but does no damage.
The water moccasin bites you but does no damage.
You closely miss the cane toad. You headbutt the cane toad.
You kill the cane toad!
The cane toad's corpse disappears in a puff of smoke!
The boulder beetle bites you!
* * * LOW HITPOINT WARNING * * *
The water moccasin barely misses you. You block the boulder beetle's attack.
Unknown command.
You closely miss the water moccasin. The water moccasin bites you.
* * * LOW HITPOINT WARNING * * *
The water moccasin barely misses you. You block the boulder beetle's attack.
Unknown command.
You bludgeon the water moccasin!!
The water moccasin is severely wounded.
The water moccasin barely misses you. The boulder beetle bites you!
* * * LOW HITPOINT WARNING * * *
Unknown command.
You barely miss the water moccasin.
The water moccasin is severely wounded.
The water moccasin bites you but does no damage.
The boulder beetle bites you.
* * * LOW HITPOINT WARNING * * *
The water moccasin bites you.
* * * LOW HITPOINT WARNING * * *
You feel much better. The water moccasin misses you.
The boulder beetle bites you!
* * * LOW HITPOINT WARNING * * *
You puncture the water moccasin!
You kill the water moccasin!
The water moccasin's corpse disappears in a puff of smoke!
The boulder beetle bites you!
You die... "This toy is broken."

.#...#.#.#####........# ...
.#...#...............## ..
.#.......####+##..#...## ..
.
.#...+...#.............##..#
.....#......................
.#.††#.............#........
.#...#...#.........#.#####..
..#..#...#......B§...#
.........#......@..#.#
...........##.####'..#
.......... ..........#
.....###.# #.........#
....[# ## .........# .....#
.......... .....P#
........... .......
............ #.####.
.###########


You could see a boulder beetle (summoned).

Vanquished Creatures
  A hydra (D:11)
  An ice dragon (shapeshifter) (D:11)
  A two-headed ogre (D:9)
  2 boulder beetles
  A centaur warrior (D:11)
  A tengu warrior (D:9)
  The ghost of gregwegmann the Spear-Bearer, a novice MfSu of Ru (D:10)
  A manticore (D:11)
  Joseph (D:7)
  A cyclops (D:9)
  4 cane toads (Lair:1)
  A rime drake (Lair:1)
  Psyche (D:11)
  2 komodo dragons (Lair:1)
  A troll (D:10)
  A meliai (D:9)
  A polar bear (D:11)
  Prince Ribbit (D:5)
  A queen bee (D:8)
  Grinder (D:5)
  8 blink frogs (Lair:1)
  A centaur simulacrum (D:11)
  A wyvern (Lair:1)
  A shadow (D:11)
  25 yaks
  A human (D:9)
  A basilisk (D:11)
  2 steam dragons
  8 vampire mosquitoes (D:11)
  The ghost of pigah the Gusty, an amateur OpAE (D:4)
  Edmund (D:5)
  An acid dragon (D:9)
  Duvessa (D:5)
  2 ice beasts (D:7)
  5 water moccasins
  4 orc warriors
  A black bear (shapeshifter) (D:11)
  A black bear (D:8)
  2 ogres
  11 wolves
  2 centaurs
  2 phantoms
  A kobold brigand (D:8)
  A gnoll sergeant (D:6)
  9 bullfrogs
  2 necrophages
  4 scorpions
  5 wights
  Dowan (D:5)
  21 killer bees
  An electric eel (Lair:1)
  2 centaur zombies
  A jelly (D:4)
  3 orc priests
  A human zombie (Ossuary)
  A bullfrog zombie (D:4)
  5 hounds
  5 iguanas
  Jessica (D:2)
  9 orc wizards
  6 mummies (Ossuary)
  7 gnolls
  6 adders
  3 white imps
  2 ufetubi
  7 dart slugs
  21 orcs
  10 ball pythons
  6 endoplasms
  4 giant cockroaches
  5 goblins
  8 hobgoblins
  2 jackals (D:5)
  18 kobolds
  2 quokkas (D:1)
  9 bats
  A frilled lizard (D:1)
  2 gnoll zombies (Ossuary)
  2 hobgoblin zombies (Ossuary)
  A jackal zombie (D:9)
  2 orc zombies (Ossuary)
  5 rats
309 creatures vanquished.

Vanquished Creatures (collateral kills)
  An ugly thing (D:11)
  A wyvern (D:7)
  A steam dragon (D:8)
  A kobold brigand (D:6)
  A bullfrog (D:8)
  3 kobolds (D:6)
8 creatures vanquished.

Vanquished Creatures (others)
  A bullfrog (Lair:1)
  53 fungi
  91 plants
145 creatures vanquished.

Grand Total: 462 creatures vanquished

Notes
Turn   | Place    | Note
-------+----------+-------------------------------------------
     0 | D:1      | zishaf the Ogre Chaos Knight began the quest for the Orb.
     0 | D:1      | Reached XP level 1. HP: 24/24 MP: 1/1
    98 | D:1      | XOM: silly message
   105 | D:1      | Found Weargh's Magic Scroll Shop.
   164 | D:1      | Reached XP level 2. HP: 31/32 MP: 2/2
   317 | D:1      | Reached skill level 1 in Spellcasting
   330 | D:1      | XOM is BORED!
   391 | D:1      | Reached XP level 3. HP: 36/40 MP: 4/4
   652 | D:1      | XOM: cloud trail
   802 | D:1      | XOM: noise
   880 | D:2      | XOM: stealth player
  1069 | D:2      | Noticed an ogre
  1070 | D:2      | XOM: noise
  1079 | D:2      | XOM: noise
  1082 | D:2      | XOM: cast spell 'Alistair's Intoxication'
  1083 | D:2      | XOM: butterfly on damage
  1085 | D:2      | Killed an ogre
  1086 | D:2      | Reached skill level 5 in Fighting
  1086 | D:2      | Reached XP level 4. HP: 9/50 MP: 5/7
  1086 | D:2      | Reached XP level 5. HP: 10/57 MP: 5/8
  1497 | D:2      | XOM: confuse monster(s)
  1789 | D:2      | Noticed Jessica
  1794 | D:2      | Killed Jessica
  2248 | D:3      | Found a faded altar of an unknown god.
  2300 | D:3      | HP: 1/57 [something/magic dart (4)]
  2307 | D:3      | Reached XP level 6. HP: 3/67 MP: 9/9
  2427 | D:3      | XOM: god gift: scroll labelled PUNA XAATI {god gift}
  2498 | D:3      | XOM: give mutations
  2498 | D:3      | Gained mutation: Your flesh is heat resistant. (rF+) [Xom's
                  | grace]
  2498 | D:3      | Gained mutation: You have hidden genetic potential. [Xom's
                  | grace]
  2498 | D:3      | Gained mutation: You have a somewhat thin skeletal
                  | structure. (Dex +2, Stealth+) [Xom's grace]
  2679 | D:3      | XOM: cloud trail
  2847 | D:3      | XOM: give mutation
  2847 | D:3      | Gained mutation: You have a pair of small horns on your
                  | head. [Xom's grace]
  3001 | D:3      | Found a sparkling altar of Nemelex Xobeh.
  3017 | D:3      | XOM: silly message
  3126 | D:3      | XOM: cloud trail
  3178 | D:3      | Found a bloodstained altar of Trog.
  3181 | D:3      | Found an iron altar of Okawaru.
  3399 | D:4      | Reached skill level 5 in Maces & Flails
  3405 | D:4      | XOM: silly message
  3665 | D:4      | XOM: summons 4 hostile shadow creatures
  3821 | D:4      | XOM: give mutation
  3821 | D:4      | Gained mutation: You are frail. (-10% HP) [Xom's mischief]
  3836 | D:4      | XOM: stat loss: -1 Int (12/13)
  3963 | D:4      | XOM: 5-stop teleportation journey
  4119 | D:4      | XOM: 1-stop teleportation journey
  4136 | D:4      | Found a staircase to the Ecumenical Temple.
  4181 | D:4      | Reached XP level 7. HP: 68/68 MP: 10/10
  4234 | D:4      | Gained mutation: You have great hidden genetic potential.
                  | [hidden potential]
  4562 | D:4      | Found a runed translucent gate.
  4562 | D:4      | Found a runed translucent gate.
  4563 | D:4      | Found a runed translucent gate.
  4565 | D:4      | Noticed pigah's ghost (amateur OpAE)
  4565 | D:4      | XOM: summons 1 hostile demon
  4646 | D:4      | Killed pigah's ghost
  4663 | D:4      | Got the Spellbook of the Caves
  4881 | D:5      | Entered Level 5 of the Dungeon
  4881 | D:5      | Noticed Dowan
  4883 | D:5      | Noticed Duvessa
  4891 | D:5      | Killed Duvessa
  5263 | D:4      | XOM: give mutations
  5263 | D:4      | Gained mutation: You expend magic power (3 MP) to
                  | strengthen your wands. [Xom's mischief]
  5263 | D:4      | Gained mutation: You occasionally shout uncontrollably at
                  | your foes. [Xom's mischief]
  5389 | D:5      | Killed Dowan
  5490 | D:5      | Reached XP level 8. HP: 78/78 MP: 11/11
  5504 | D:5      | Noticed Prince Ribbit
  5535 | D:5      | XOM: enchant monster (good)
  5547 | D:5      | XOM is BORED!
  5547 | D:5      | XOM: noise
  5796 | D:4      | XOM: give mutations
  5796 | D:4      | Gained mutation: You are agile. (Dex +4, Str/Int -1) [Xom's
                  | grace]
  5796 | D:4      | Gained mutation: Your system is resistant to poisons.
                  | (rPois) [Xom's grace]
  5823 | D:4      | XOM: scenery: create altars
  5837 | D:4      | XOM: give mutations
  5837 | D:4      | Gained mutation: You are partially covered in iridescent
                  | scales. (AC +2) [Xom's grace]
  5837 | D:4      | Gained mutation: You have a pair of horns on your head.
                  | [Xom's grace]
  5837 | D:4      | Gained mutation: Your flesh is cold resistant. (rC+) [Xom's
                  | grace]
  5837 | D:4      | Gained mutation: You have a beak for a mouth. [Xom's grace]
  5883 | D:5      | Killed Prince Ribbit
  5896 | D:5      | Noticed Ijyb
  6061 | D:5      | Noticed Ijyb
  6061 | D:5      | Ijyb changed into Ijyb the scorpion
  6061 | D:5      | XOM: polymorph Ijyb -> Ijyb the scorpion
  6073 | D:5      | Killed Ijyb the scorpion
  6302 | D:5      | Noticed Edmund
  6306 | D:5      | Killed Edmund
  6354 | D:5      | Noticed Grinder
  6368 | D:5      | Killed Grinder
  6587 | D:5      | XOM is BORED!
  6587 | D:5      | XOM: give mutation
  6587 | D:5      | Lost mutation: You are frail. (-10% HP) [Xom's mischief]
  6684 | D:5      | XOM: fog
  6706 | D:6      | Reached skill level 1 in Evocations
  6706 | D:6      | Reached XP level 9. HP: 78/98 MP: 12/12
  6719 | D:6      | Gained mutation: You are mostly covered in iridescent
                  | scales. (AC +4) [hidden potential]
  6719 | D:6      | Lost mutation: You have great hidden genetic potential.
                  | [hidden potential expressed]
  6727 | D:6      | XOM: summons 3 friendly demons
  6801 | D:6      | XOM: divination: detect items
  6835 | D:6      | Found a sand-covered staircase.
  6845 | Ossuary  | Entered an ossuary
  7037 | Ossuary  | XOM: give mutation
  7037 | Ossuary  | Lost mutation: Your flesh is heat resistant. (rF+) [Xom's
                  | mischief]
  7131 | D:6      | XOM: cloud trail
  7313 | D:6      | XOM: 2-stop teleportation journey
  7482 | D:6      | XOM: summons 9 friendly demons
  7572 | D:6      | XOM: summons 9 friendly demons
  7575 | D:6      | Reached skill level 10 in Fighting
  7905 | D:6      | XOM: give mutations
  7905 | D:6      | Gained mutation: You are robust. (+10% HP) [Xom's grace]
  7905 | D:6      | Gained mutation: You possess an exceptional clarity of
                  | mind. [Xom's grace]
  7905 | D:6      | Gained mutation: Your mind is acute. (Int +4, Str/Dex -1)
                  | [Xom's grace]
  8044 | D:6      | Found an opulent altar of Gozag.
  8296 | D:7      | XOM: summons 8 friendly demons
  8460 | D:7      | XOM: 3-stop teleportation journey
  8548 | D:7      | Noticed Joseph
  8552 | D:7      | XOM: enchant monster (bad)
  8555 | D:7      | Killed Joseph
  8556 | D:7      | Reached skill level 10 in Maces & Flails
  8556 | D:7      | Reached XP level 10. HP: 104/122 MP: 13/13
  8565 | D:7      | Gained mutation: Your flesh is heat resistant. (rF+)
                  | [hidden potential]
  8797 | D:7      | XOM: god gift: wand of light (5)
  9002 | D:7      | XOM: potion effect (heal wounds)
  9095 | D:7      | XOM: draining
  9477 | D:8      | XOM: enchant monster (good)
  9479 | D:8      | XOM: summons 3 friendly demons
  9506 | D:8      | Found a staircase to the Lair.
 10305 | D:8      | XOM: fog
 10460 | D:8      | XOM: stat loss: -1 Int (15/16)
 10479 | D:8      | XOM: swap monsters
 10615 | D:8      | XOM: give mutations
 10615 | D:8      | Lost mutation: Your flesh is heat resistant. (rF+) [Xom's
                  | mischief]
 10615 | D:8      | Lost mutation: You have a beak for a mouth. [Xom's
                  | mischief]
 10615 | D:8      | Lost mutation: Your mind is acute. (Int +4, Str/Dex -1)
                  | [Xom's mischief]
 10633 | D:8      | XOM: summons 1 hostile demon
 10819 | D:9      | XOM: noise
 10845 | D:9      | Noticed a cyclops
 10853 | D:9      | Killed a cyclops
 10912 | D:9      | XOM: stat loss: -1 Dex (19/20)
 10968 | D:9      | XOM: 1-stop teleportation journey
 10996 | D:9      | Reached XP level 11. HP: 113/135 MP: 14/14
 11086 | D:9      | Reached skill level 5 in Evocations
 11242 | D:9      | Found a runed translucent door.
 11247 | D:9      | Found a basalt altar of Yredelemnul.
 11564 | D:9      | XOM: 5-stop teleportation journey
 11646 | D:9      | XOM: summons 1 hostile demon
 11715 | D:9      | Noticed a tengu warrior
 11768 | D:9      | Killed a tengu warrior
 11769 | D:9      | Found a runed translucent door.
 11770 | D:9      | Noticed a two-headed ogre
 11771 | D:9      | Noticed a boulder beetle
 11958 | D:9      | XOM: noise
 11959 | D:9      | Killed a boulder beetle
 11963 | D:9      | Killed a two-headed ogre
 12529 | D:10     | XOM: noise
 12529 | D:10     | Entered Level 10 of the Dungeon
 12595 | D:10     | XOM: scenery: summon butterflies
 12623 | D:10     | XOM: 3-stop teleportation journey
 12766 | D:10     | Found a runed translucent gate.
 12766 | D:10     | Found a runed translucent gate.
 12766 | D:10     | Found a runed translucent gate.
 12766 | D:10     | Noticed gregwegmann's ghost (novice MfSu)
 12859 | D:10     | XOM: scenery: 1 doors open, 1 doors close
 12892 | D:10     | XOM: god gift: 59 gold pieces
 13323 | D:10     | Killed gregwegmann's ghost
 13442 | D:11     | Noticed a green ugly thing
 13443 | D:11     | XOM: summons friendly sun demon
 13446 | D:11     | Killed a green ugly thing
 13665 | D:11     | Noticed Psyche
 13672 | D:11     | Killed Psyche
 13676 | D:11     | XOM: scenery: summon butterflies
 13676 | D:11     | Noticed a centaur warrior
 13682 | D:11     | XOM: destruction
 13687 | D:11     | Killed a centaur warrior
 13689 | D:11     | Noticed a six-headed hydra
 13698 | D:11     | Noticed a manticore
 13765 | D:11     | Noticed a moth of wrath
 13770 | D:11     | XOM: 3-stop teleportation journey
 13785 | D:11     | Noticed a boulder beetle
 13793 | D:11     | Killed a boulder beetle
 13860 | D:11     | XOM: scenery: create altars
 13863 | D:11     | XOM: potion effect (haste)
 13869 | D:11     | Reached XP level 12. HP: 90/149 MP: 15/15
 14045 | D:11     | XOM: god gift: club {god gift}
 14120 | D:11     | Gained mutation: You are very robust. (+20% HP) [hidden
                  | potential]
 14120 | D:11     | Lost mutation: You have hidden genetic potential. [hidden
                  | potential expressed]
 14369 | D:11     | XOM: god gift: amulet of the acrobat
 14563 | D:11     | XOM: cloud trail
 14586 | D:11     | Killed a six-headed hydra
 14675 | D:11     | Noticed an ice dragon
 14675 | D:11     | XOM: 2-stop teleportation journey
 14685 | D:11     | Killed an ice dragon
 14724 | D:11     | XOM: give mutations
 14724 | D:11     | Lost mutation: You occasionally shout uncontrollably at
                  | your foes. [Xom's mischief]
 14724 | D:11     | Gained mutation: Your body sometimes deteriorates upon
                  | taking damage. [Xom's mischief]
 14724 | D:11     | Lost mutation: You are mostly covered in iridescent scales.
                  | (AC +4) [Xom's mischief]
 14763 | D:11     | XOM: noise
 14765 | D:11     | XOM: smoke on damage
 15252 | D:11     | XOM: stat loss: -1 Int (11/12)
 15335 | Lair:1   | Entered Level 1 of the Lair of Beasts
 15656 | Lair:1   | XOM: 2-stop teleportation journey
 15797 | Lair:1   | XOM: 1-stop teleportation journey
 15799 | Lair:1   | XOM: enchant monster (good)
 15811 | Lair:1   | XOM: potion effect (invisibility)
 15824 | Lair:1   | XOM: scenery: 1 doors open
 16295 | Lair:1   | XOM: summons 2 friendly demons
 16297 | Lair:1   | XOM: scenery: 2 doors open
 16299 | Lair:1   | XOM: god gift: 7 stones
 16697 | Lair:1   | Reached XP level 13. HP: 177/177 MP: 16/16
 16863 | Lair:1   | XOM: summons 4 hostile shadow creatures
 16871 | Lair:1   | HP: 8/177 [water moccasin[Xom] (1)]
 16873 | Lair:1   | Slain by a boulder beetle

Illustrated notes

Levels and vault maps discovered:
D:1:      eino_arrival_druids_welcome, layout_basic, serial_shops, shop
D:2:      layout_basic, minmay_misc_feat_nine_boxes, st_stairs_4, uniq_jessica
D:3:      layout_rooms, minmay_overflow_temple_star_quad,
          hellmonk_ecumenical_altar_crossroads
D:4:      layout_loops_ring, minmay_temple_entry_statues,
          gammafunk_ghost_necromancy, minmay_misc_feat_plants
D:5:      layout_basic, uniq_grinder, uniq_prince_ribbit1, uniq_duvessa,
          uniq_edmund, uniq_ijyb
D:6:      layout_loops_corners, lemuel_coloured_pillars_altar, enter_ossuary_5
D:7:      layout_loops_ring, uniq_joseph
D:8:      layout_loops_corners, due_lair_maze_entry_diamond,
          serial_bayou_lagoon_a, nicolae_looking_at_the_future
D:9:      layout_gridville, dk_yredelemnul_ordeal, wad_hexagon
D:10:     layout_stronghold, ebering_ghost_rock_garden, kennysheep_nub,
          chequers_jeans, dreamdust_mushroom_princess
D:11:     layout_cave_pods, serial_ice, serial_ice_c, serial_ice_e,
          serial_ice_n, serial_ice_a, minmay_diamond_spiral, uniq_psyche
Lair:1:   layout_chaotic_city, beast_lair_carwin_6, serial_bayou_shore_a

Skill      XL: |  1  2  3  4  5  6  7  8  9 10 11 12 |
---------------+-------------------------------------+-----
Maces & Flails | 3 4 5 6 8 10 11 13 14 | 14.6
Spellcasting   | 1 2 |  2.3
Fighting       | 5 6 7 9 10 11 13 14 | 14.9
Evocations     | 1 3 4 6 7 |  7.9
Dodging        | |  2.1

Action                   |  1- 3 |  4- 6 |  7- 9 | 10-12 | 13-15 || total
-------------------------+-------+-------+-------+-------+-------++-------
Melee: Mace              |    13 |       |       |       |       ||    13
       Long sword        |    57 |     9 |       |       |       ||    66
       Punch             |     1 |       |       |       |       ||     1
       Giant club        |       |   191 |   234 |   203 |       ||   628
       Headbutt          |       |    11 |    40 |    94 |     3 ||   148
       Peck              |       |       |    22 |    14 |       ||    36
       Giant spiked club |       |       |       |   234 |    20 ||   254
Evoke: Piece from Xom's  |       |       |     8 |       |       ||     8
       Wand              |       |       |       |     2 |       ||     2
  Use: Scroll            |     3 |     6 |    12 |    10 |       ||    31
       Potion            |       |       |       |     2 |     1 ||     3
 Stab: Distracted        |       |     1 |       |       |       ||     1
       Confused          |       |     1 |       |       |       ||     1
       Sleeping          |       |     2 |     9 |     8 |       ||    19
       Petrified         |       |       |       |     3 |       ||     3
       Invisible         |       |       |       |    11 |       ||    11
Armor: Robe              |    36 |   131 |    48 |       |       ||   215
       Steam dragon scal |       |       |    32 |   265 |     6 ||   303
Dodge: Dodged            |    30 |   115 |   130 |   314 |     6 ||   595
Block: Other             |       |       |    14 |   148 |     9 ||   171
       Reflection        |       |       |     1 |       |       ||     1

Table legend: (Time is in decaauts)
 A = Elapsed time spent in this place.
 B = Non-inter-level travel time spent in this place.
 C = Inter-level travel time spent in this place.
 D = Time resting spent in this place.
 E = Time spent auto-exploring this place.
 F = Levels seen in this place.
 G = Mean time per level.
                   A        B        C        D        E       F      G
               +--------+--------+--------+--------+--------+-----+--------+
         Total |  17042 |  16609 |    433 |   2668 |  11324 |  13 | 1310.9 |
       Dungeon |  15239 |  14807 |    432 |   2065 |  10510 |  11 | 1385.4 |
          Lair |   1554 |   1554 |      0 |    603 |    672 |   1 | 1554.0 |
       Ossuary |    247 |    247 |      0 |      0 |    141 |   1 |  247.0 |
               +--------+--------+--------+--------+--------+-----+--------+

Top non-repeatable levels by time:
     D:4: 2471 daAuts
    D:11: 1864 daAuts
     D:9: 1704 daAuts
     D:8: 1626 daAuts
  Lair:1: 1554 daAuts
     D:2: 1311 daAuts
     D:3: 1236 daAuts
     D:6: 1187 daAuts
     D:7: 1114 daAuts
     D:5: 917 daAuts
    D:10: 906 daAuts
     D:1: 899 daAuts
 Ossuary: 247 daAuts
